 Dungeon Sprint DCSS version 0.20-a0-641-g673355a (webtiles) character file.

168 Kidiri the Thaumaturge (level 5, -5/32 HPs)
             Began as a Deep Elf Fire Elementalist on Feb 13, 2017.
             Was an Initiate of Vehumet.
             Killed from afar by a deep elf mage (37 damage)
             ... with a bolt of magma
             ... in the Dungeon (Sprint III: "The Ten Rune Challenge").
             The game lasted 00:03:00 (635 turns).

Kidiri the Thaumaturge (Deep Elf Fire Elementalist)  Turns: 635, Time: 00:03:00

Health: -5/32      AC:  2    Str:  5    XL:     5   Next: 24%
Magic:  19/19      EV: 15    Int: 21    God:    Vehumet [......]
Gold:   37         SH:  0    Dex: 15    Spells: 2/20 levels left

rFire    . . .     SeeInvis .   b - +0 dagger
rCold    . . .     Gourm    .   a - +0 robe
rNeg     . . .     Faith    .   (no shield)
rPois    .         Spirit   .   (no helmet)
rElec    .         Reflect  .   (no cloak)
rCorr    .         Harm     .   (no gloves)
MR       .....     Clarity  +   (no boots) Stlth ++........NoTele +
                                (no amulet)
Regen    0.1/turn               (no ring)
MPRegen  0.2/turn               (no ring)

@: no status effects
A: clarity, deterioration 1, high mp 1, sturdy frame 1
a: Renounce Religion


You were in the Dungeon.
You worshipped Vehumet.
Vehumet was noncommittal.
You were not hungry.

You visited 1 branch You collected 37 gold pieces.

Inventory:

Hand Weapons
 b - a +0 dagger (weapon)
Armour
 a - a +0 robe (worn)
Scrolls
 i - a scroll of blinking
 l - 2 scrolls of torment
 m - 2 scrolls of identify
 p - 2 scrolls of remove curse
Potions
 d - a potion of curing
 e - a potion of heal wounds
 f - a potion of haste
 g - 2 potions of magic
 h - a potion of berserk rage
 j - a potion of lignification
 o - 2 potions of flight
Comestibles
 c - 2 bread rations
 n - a fruit


   Skills:
 + Level 3.0 Fighting
 + Level 0.0 Short Blades
 + Level 3.0 Armour
 + Level 5.2 Dodging
 - Level 2.4 Stealth
 * Level 8.2 Spellcasting
 + Level 4.5 Conjurations
 + Level 5.4 Fire Magic


You had 2 spell levels left.
You knew the following spells:

 Your Spells              Type           Power        Failure   Level  Hunger
a - Flame Tongue          Conj/Fire      ####.        1%          1    None
b - Throw Flame           Conj/Fire      ####..       1%          2    None
c - Conjure Flame         Conj/Fire      ####....     2%          3    None
d - Inner Flame           Hex/Fire       ###.....     10%         3    None
e - Sticky Flame          Conj/Fire      ####....     12%         4    ###....
f - Fireball              Conj/Fire      ####......   28%         5    #####..


Dungeon Overview and Level Annotations

Branches:
Dungeon (1/1)

Altars:
Elyvilon
Kikubaaqudgha
Sif Muna
Vehumet
Zin
The Shining One


Innate Abilities, Weirdness & Mutations

You possess an exceptional clarity of mind.
Your body sometimes deteriorates upon taking damage.
You have an increased reservoir of magic. (+10% MP)
Your movements are slightly less encumbered by armour. (ER -2)


Message History

Aim: a deep elf mage, wielding a long sword of holy wrath (lightly wounded)
The sticky flame hits the deep elf mage.
The deep elf mage is lightly wounded.
The deep elf mage is covered in liquid flames!
The deep elf mage burns!
The deep elf mage barely misses you.
Unknown command.
The deep elf mage burns!
The earth elemental misses you.
There is an open door here.
You close the door.
You start resting.
All of the chunks of flesh in your inventory have rotted away.
Magic restored.
As you open the door, it creaks loudly!
You close the door.
Something unseen opens the door.
There is an open door here.
The deep elf mage casts a spell at you. The bolt of magma hits you!
Ouch! That really hurt!
You die...

▓▓▓▓▓▓ ▓▓▓ .+...♣♣♣
♣.##### .#.....♣♣
♣♣.#__e# ##....♣.♣
♣..#!.@# .#....≈♣
♣..###'#+###+#
.#...≈≈♣♣♣♣..#..........
.#..≈≈≈≈..♣..'.⌠........
'#..≈≈≈≈≈≈♣..#...######+
.#.≈≈≈≈≈≈....#.⌠.#
.#.≈≈≈≈≈.....#...#
.#.≈≈≈.......#+###
##...........#.[:#


You could see a deep elf mage.

Vanquished Creatures
  A water elemental (D)
  A wizard (D)
  Jessica (D)
  A human (D)
  A kobold demonologist (D)
  A wolf (D)
  2 oozes (D)
8 creatures vanquished.

Vanquished Creatures (others)
  2 draconian scorchers (D)
  6 hellions (D)
  2 yaktaurs (D)
10 creatures vanquished.

Grand Total: 18 creatures vanquished

Notes
Turn   | Place    | Note
-------+----------+-------------------------------------------
     0 | D        | Kidiri the Deep Elf Fire Elementalist began the quest for the Orb.
     0 | D        | Reached XP level 1. HP: 10/10 MP: 6/6
    35 | D        | Reached skill level 1 in Fighting
    35 | D        | Reached skill level 4 in Spellcasting
    35 | D        | Reached XP level 2. HP: 16/16 MP: 5/9
    39 | D        | Learned a level 2 spell: Throw Flame
    44 | D        | Noticed Jessica
    45 | D        | Killed Jessica
    45 | D        | Reached skill level 1 in Armour
    45 | D        | Reached skill level 5 in Spellcasting
    45 | D        | Reached XP level 3. HP: 20/20 MP: 6/12
    50 | D        | Learned a level 3 spell: Conjure Flame
    54 | D        | Learned a level 3 spell: Inner Flame
    96 | D        | Killed a hellion
    96 | D        | Killed a hellion
    97 | D        | Killed a hellion
    97 | D        | Killed a hellion
    98 | D        | Killed a hellion
    99 | D        | Killed a yaktaur
   117 | D        | Reached skill level 6 in Spellcasting
   117 | D        | Reached XP level 4. HP: 26/26 MP: 1/14
   123 | D        | Learned a level 4 spell: Sticky Flame
   123 | D        | Killed a yaktaur
   125 | D        | Killed a hellion
   172 | D        | Killed a white draconian scorcher
   207 | D        | Killed a white draconian scorcher
   218 | D        | Gained mutation: Your magical capacity is low. (-10% MP) [potion of mutation]
   218 | D        | Gained mutation: Your muscles are strong. (Str +2) [potion of mutation]
   219 | D        | Lost mutation: Your magical capacity is low. (-10% MP) [potion of mutation]
   219 | D        | Lost mutation: Your muscles are strong. (Str +2) [potion of mutation]
   219 | D        | Gained mutation: You have sharp toenails. [potion of mutation]
   219 | D        | Gained mutation: Your spells are a little harder to cast, but a little more powerful. [potion of mutation]
   220 | D        | Lost mutation: Your spells are a little harder to cast, but a little more powerful. [potion of mutation]
   220 | D        | Gained mutation: Your mind is acute. (Int +2) [potion of mutation]
   220 | D        | Gained mutation: Armour fits poorly on your strangely shaped body. [potion of mutation]
   220 | D        | Gained mutation: You are partially covered in large bone plates. (SH +4) [potion of mutation]
   221 | D        | Lost mutation: Your mind is acute. (Int +2) [potion of mutation]
   221 | D        | Lost mutation: You have sharp toenails. [potion of mutation]
   221 | D        | Gained mutation: You are partially covered in slimy green scales. (AC +2) [potion of mutation]
   222 | D        | Lost mutation: Armour fits poorly on your strangely shaped body. [potion of mutation]
   222 | D        | Lost mutation: You are partially covered in slimy green scales. (AC +2) [potion of mutation]
   222 | D        | Gained mutation: You are weak. (Str -2) [potion of mutation]
   222 | D        | Gained mutation: You have a pair of small horns on your head. [potion of mutation]
   223 | D        | Lost mutation: You are partially covered in large bone plates. (SH +4) [potion of mutation]
   223 | D        | Lost mutation: You are weak. (Str -2) [potion of mutation]
   223 | D        | Lost mutation: You have a pair of small horns on your head. [potion of mutation]
   223 | D        | Gained mutation: Your flesh is heat resistant. (rF+) [potion of mutation]
   223 | D        | Gained mutation: You are partially covered in slimy green scales. (AC +2) [potion of mutation]
   224 | D        | Lost mutation: Your flesh is heat resistant. (rF+) [potion of mutation]
   224 | D        | Lost mutation: You are partially covered in slimy green scales. (AC +2) [potion of mutation]
   224 | D        | Gained mutation: You possess an exceptional clarity of mind. [potion of mutation]
   224 | D        | Gained mutation: You have an increased reservoir of magic. (+10% MP) [potion of mutation]
   224 | D        | Gained mutation: Your body sometimes deteriorates upon taking damage. [potion of mutation]
   224 | D        | Gained mutation: Your movements are slightly less encumbered by armour. (ER -2) [potion of mutation]
   243 | D        | Noticed a water elemental
   250 | D        | Killed a water elemental
   250 | D        | Reached skill level 7 in Spellcasting
   250 | D        | Reached skill level 5 in Fire Magic
   411 | D        | Found a radiant altar of Vehumet.
   412 | D        | Found a deep blue altar of Sif Muna.
   412 | D        | Found an ancient bone altar of Kikubaaqudgha.
   412 | D        | Noticed a wizard
   415 | D        | Killed a wizard
   415 | D        | Reached skill level 5 in Dodging
   415 | D        | Reached skill level 8 in Spellcasting
   415 | D        | Reached XP level 5. HP: 30/32 MP: 13/19
   433 | D        | Learned a level 5 spell: Fireball
   438 | D        | Became a worshipper of Vehumet
   600 | D        | Found a glowing silver altar of Zin.
   601 | D        | Found a glowing golden altar of the Shining One.
   601 | D        | Found a white marble altar of Elyvilon.
   601 | D        | Noticed a deep elf mage
   635 | D        | Killed from afar by a deep elf mage

Vault maps used:
D:        dungeon_sprint_mu

Skill      XL: |  1  2  3  4  5 |
---------------+----------------+-----
Fighting       | 1 2 3 |  3.0
Spellcasting   | 4 5 6 8 |  8.2
Armour         | 1 2 3 |  3.0
Dodging        | 3 4 5 |  5.2
Conjurations   | 2 3 4 |  4.5
Fire Magic     | 4 5 |  5.4
Stealth        | |  2.4

Action                   |  1- 3 |  4- 6 || total
-------------------------+-------+-------++-------
Melee: Unarmed           |       |     1 ||     1
       Dagger            |       |     1 ||     1
 Cast: Flame Tongue      |    12 |     3 ||    15
       Throw Flame       |     2 |       ||     2
       Sticky Flame      |       |     4 ||     4
  Use: Potion            |       |     7 ||     7
       Scroll            |       |     2 ||     2
 Stab: Sleeping          |       |     1 ||     1
Armor: Robe              |       |     1 ||     1
Dodge: Dodged            |     5 |     5 ||    10
